 Dungeon Crawl Stone Soup version 0.21.1-1-g345015f (webtiles) character file.

152 Mgcat the Skirmisher (level 5, 0/43 HPs)
             Began as a Demonspawn Berserker on Mar 1, 2018.
             Was a Priest of Trog.
             Slain by a river rat (5 damage)
             ... on level 3 of the Dungeon.
             The game lasted 00:07:59 (2447 turns).

Mgcat the Skirmisher (Demonspawn Berserker)         Turns: 2447, Time: 00:08:00

Health: 0/43       AC:  6    Str: 18    XL:     5   Next: 11%
Magic:  5/5        EV: 12    Int:  8    God:    Trog [***...]
Gold:   179        SH:  0    Dex: 13    Spells: 4/4 levels left

rFire    + . .     SeeInvis .   f - +4 spear
rCold    . . .     Gourm    .   (no shield)
rNeg     . . .     Faith    .   n - +1 leather armour
rPois    .         Spirit   .   (no helmet)
rElec    .         Reflect  .   (no cloak)
rCorr    +         Harm     .   (no gloves)
MR       .....                  (no boots)
Stlth    +.........             (no amulet)
HPRegen  0.14/turn              d - ring of resist corrosion
MPRegen  0.09/turn              (no ring)

@: berserk cooldown, very slow
A: yellow scales 1, fire resistance 1
a: Berserk, Trog's Hand, Burn Spellbooks, Renounce Religion


You were on level 3 of the Dungeon.
You worshipped Trog.
Trog was most pleased with you.
You were not hungry.

You visited 1 branch of the dungeon, and saw 3 of its levels.

You collected 179 gold pieces.

Inventory:

Hand Weapons
 a - a +0 hand axe
 f - a +4 spear (weapon)
   (You took it off a hobgoblin on level 2 of the Dungeon)
Armour
 n - a +1 leather armour (worn)
   (You found it on level 2 of the Dungeon)
Jewellery
 d - a ring of resist corrosion (left hand)
   (You found it on level 2 of the Dungeon)
Scrolls
 h - a scroll of enchant armour
 k - a scroll of identify
 l - a scroll of remove curse
 p - a scroll of enchant weapon {unknown}
Potions
 b - a potion of lignification {unknown}
 e - a potion of haste {unknown}
 g - 2 potions of curing {unknown}
 j - a potion of magic {unknown}
 m - 2 potions of brilliance
 o - a potion of flight {unknown}
Comestibles
 c - 4 rations
 i - 3 chunks of flesh {@w0}


   Skills:
 + Level 4.6 Fighting
 + Level 4.2 Axes
 - Level 1.7 Armour
 - Level 1.7 Dodging


You had 4 spell levels left.
You didn't know any spells.

Dungeon Overview and Level Annotations

Branches:
Dungeon (3/15)

Altars:
Fedhas
Makhleb
Qazlal


Innate Abilities, Weirdness & Mutations

You are partially covered in yellow scales. (AC +2)
Your flesh is heat resistant. (rF+)


Message History

This raw flesh tastes terrible.
You are feeling hungry.
You hear the brisk rusting of a drain.
A red film seems to cover your vision as you go berserk!
You feel yourself moving faster!
You feel mighty!
You are feeling very hungry.
You feel sick.
Your unstable footing causes you to fumble your attack.
You barely miss the worm.
Your unstable footing causes you to fumble your attack.
The worm misses you.
Your unstable footing causes you to fumble your attack.
Your unstable footing causes you to fumble your attack.
You feel sick.
The worm splashes around in the water.
You puncture the worm!
You kill the worm!
Trog accepts your kill. The worm bites you but does no damage.
You see here a worm corpse.
You puncture the worm!
The worm is heavily wounded.
Your unstable footing causes you to fumble your attack.
The worm splashes around in the water.
You impale the worm!!
You kill the worm!
Trog accepts your kill.
You feel sick.
You see here a worm corpse.
You feel a strong urge to attack something.
You are no longer berserk.
You are exhausted.
You feel yourself slow down.
You see here a worm corpse.
You feel sick.
You see here a worm corpse.
You butcher the worm corpse.
You feel sick.
You are no longer poisoned.
i - 5 chunks of flesh {@w0} (gained 2) Eating one of 5 chunks of flesh {@w0}.
You eat one of the 5 chunks of flesh {@w0}.
This raw flesh tastes terrible.
You are feeling hungry.
A worm comes into view.
Eat one of 4 chunks of flesh {@w0}? (ye/n/q)
You eat one of the 4 chunks of flesh {@w0}.
This raw flesh tastes terrible.
Your unstable footing causes you to fumble your attack.
The worm bites you.
You puncture the worm!
The worm is moderately wounded.
The worm bites you.
You hit the worm but do no damage.
The worm is moderately wounded.
The worm closely misses you.
You completely miss the worm.
The worm is moderately wounded.
The worm splashes around in the water.
Your unstable footing causes you to fumble your attack.
The worm splashes around in the water.
You puncture the worm!
The worm is heavily wounded.
The worm bites you.
Your unstable footing causes you to fumble your attack.
The worm closely misses you.
Your unstable footing causes you to fumble your attack.
The worm barely misses you.
You barely miss the worm.
The worm is moderately wounded.
Your unstable footing causes you to fumble your attack.
The worm splashes around in the water.
Your unstable footing causes you to fumble your attack.
The worm bites you.
You hit the worm.
The worm is severely wounded.
The worm bites you.
You barely miss the worm.
The worm is heavily wounded.
The worm bites you.
You hit the worm.
The worm is severely wounded.
The worm bites you.
* * * LOW HITPOINT WARNING * * *
Your unstable footing causes you to fumble your attack.
The worm splashes around in the water.
Your unstable footing causes you to fumble your attack.
You hear the brisk rusting of a drain.
You puncture the worm!
You kill the worm!
Trog accepts your kill.
A river rat comes into view.
You see here a worm corpse.
You butcher the worm corpse.
You see here 3 chunks of flesh {@w0}.
The river rat bites you.
* * * LOW HITPOINT WARNING * * *
You feel yourself speed up. The river rat bites you!
* * * LOW HITPOINT WARNING * * *
The river rat bites you.
You die...

#.# #####.# ###
#≈≈...# #≈≈≈..##
####≈#....#
≈≈#≈≈≈...#
#####≈#≈#≈...#
#≈≈≈≈%#≈≈≈≈..#
≈≈≈≈#≈#r#≈#≈...#
# # #@#≈#≈...###
#≈≈†#......#
#####...##.#
##.####.## ###
#......... .#..
##.#.###.###....
#..#.# #.# #....
#.#...#..# #[...
.......... .....


You could see a river rat.

Vanquished Creatures
  6 adders
  An ooze (D:1)
  3 dart slugs
  5 worms
  A leopard gecko (D:2)
  An orc (D:3)
  4 giant cockroaches
  9 hobgoblins
  11 jackals
  6 kobolds
  A quokka (D:2)
  7 bats
  3 frilled lizards
  6 goblins
  10 rats
74 creatures vanquished.

Notes
Turn   | Place    | Note
-------+----------+-------------------------------------------
     0 | D:1      | Mgcat the Demonspawn Berserker began the quest for the Orb.
     0 | D:1      | Reached XP level 1. HP: 18/18 MP: 1/1
    64 | D:1      | Reached skill level 3 in Axes
    64 | D:1      | Gained mutation: You are partially covered in yellow scales. (AC +2) [demonic ancestry]
    64 | D:1      | Reached XP level 2. HP: 17/24 MP: 2/2
   456 | D:1      | Gained mutation: Your flesh is heat resistant. (rF+) [demonic ancestry]
   456 | D:1      | Reached XP level 3. HP: 25/29 MP: 3/3
   574 | D:1      | Reached ** piety under Trog
  1005 | D:1      | You fall through a shaft!
  1301 | D:2      | Reached skill level 4 in Fighting
  1390 | D:2      | Reached XP level 4. HP: 34/37 MP: 4/4
  1464 | D:2      | Found a stormy altar of Qazlal.
  1538 | D:2      | Found a burning altar of Makhleb.
  1793 | D:2      | Reached skill level 4 in Axes
  2350 | D:3      | Reached *** piety under Trog
  2385 | D:3      | Found a blossoming altar of Fedhas.
  2403 | D:3      | Reached XP level 5. HP: 36/43 MP: 5/5
  2447 | D:3      | HP: 5/43 [river rat (8)]
  2447 | D:3      | Slain by a river rat

Skill      XL: |  1  2  3  4 |
---------------+-------------+-----
Axes           | 3 4 |  4.2
Fighting       | 4 |  4.6
Armour         | |  1.7
Dodging        | |  1.7

Action                   |  1- 3 |  4- 6 || total
-------------------------+-------+-------++-------
Melee: Hand axe          |   144 |    26 ||   170
       Spear             |       |    97 ||    97
Invok: Berserk           |     2 |     2 ||     4
       Trog's Hand       |       |     1 ||     1
  Use: Scroll            |     5 |     3 ||     8
  Eat: Chunk             |     3 |     6 ||     9
Armor: Animal skin       |    31 |       ||    31
       Leather armour    |     5 |    26 ||    31
Dodge: Dodged            |   107 |    62 ||   169

Vault maps used:
D:1:      scummos_arrival_simple_fountains, minmay_three_crescents
D:2:      nicolae_qazlal_eye_of_the_storm, lemuel_crystal_altar,
          kennysheep_generic_room_5
D:3:      lightli_sewer_entry_pipes, first_ration, minmay_liquid_box,
          fedhas_altar_2

Table legend:
 A = Turns spent in this place as a percentage of turns spent in the entire game.
 B = Non-inter-level travel turns spent in this place as a percentage of non-inter-level travel turns spent in the entire game.
 C = Inter-level travel turns spent in this place as a percentage of turns spent in this place.
 D = Turns resting spent in this place as a percentage of non-inter-level travel turns spent in this place.
 E = Turns spent auto-exploring this place as a percentage of non-inter-level travel turns spent in this place.
 F = Non-inter-level travel turns spent in this place divided by the number of levels of this place that you've seen.
                   A       B       C       D       E      F
               +-------+-------+-------+-------+-------+----------------------
         Total | 100.0 | 100.0 |   0.5 |   0.3 |  61.8 | 811.3
       Dungeon | 100.0 | 100.0 |   0.5 |   0.3 |  61.8 | 811.3
               +-------+-------+-------+-------+-------+----------------------

Table legend:
 A = Kills in this place as a percentage of kills in entire the game.
 B = Kills by you in this place as a percentage of kills by you in the entire game.
 C = Kills by friends in this place as a percentage of kills by friends in the entire game.
 D = Other kills in this place as a percentage of other kills in the entire game.
 E = Experience gained in this place as a percentage of experience gained in the entire game.
 F = Experience gained in this place divided by the number of levels of this place that you have seen.
                   A       B       C       D       E      F
               +-------+-------+-------+-------+-------+----------------------
         Total | 100.0 | 100.0 |   N/A |   N/A | 100.0 |  72.7
       Dungeon | 100.0 | 100.0 |   N/A |   N/A | 100.0 |  72.7
               +-------+-------+-------+-------+-------+----------------------
